 Dungeon Crawl Stone Soup version 0.23.0-2-g0fe3ce5905 (webtiles) character file.

Game seed: 16698897598313183043

240 Laan the Skirmisher (level 6, 0/58 HPs)
             Began as a Gargoyle Monk on Feb 20, 2019.
             Slain by a hippogriff (4 damage)
             ... on level 4 of the Dungeon.
             The game lasted 00:06:25 (2474 turns).

Laan the Skirmisher (Gargoyle Monk)                 Turns: 2474, Time: 00:06:25

Health: 0/58       AC: 16    Str: 21 (22) XL:     6   Next: 8%
Magic:  5/5        EV:  8    Int:  8 (10) God:
Gold:   165        SH:  4    Dex:  9 (12) Spells: 5/5 levels left

rFire    + . .     SeeInvis .   a - +0 hand axe
rCold    . . .     Gourm    .   m - +0 buckler
rNeg     + . .     Faith    .   j - +0 chain mail
rPois    ∞         Spirit   .   (no helmet)
rElec    +         Reflect  .   s - +1 cloak
rCorr    .         Harm     .   (no gloves)
MR       .....     Rnd*Tele +   (no boots)
Stlth    ..........             (no amulet)
HPRegen  0.19/turn              v - ring of protection from fire
MPRegen  0.09/turn              g - ring of teleportation (curse)

@: berserking, flying, very quick
A: hooves 1, low mp 1, negative energy resistance 1, shaggy fur 1, electricity
resistance, unbreathing, evolution 1, petrification resistance, rot immunity, AC
+4
a: no special abilities


You were on level 4 of the Dungeon.
You were hungry.

You visited 1 branch of the dungeon, and saw 4 of its levels.

You collected 165 gold pieces.

Inventory:

Hand Weapons
 a - a +0 hand axe (weapon)
Missiles
 r - 2 tomahawks (quivered)
Armour
 j - a +0 chain mail (worn)
 m - a +0 buckler (worn)
 s - a +1 cloak (worn)
Jewellery
 g - a cursed ring of teleportation (right hand)
 v - a ring of protection from fire (left hand)
Scrolls
 b - 5 scrolls of teleportation
 e - 3 scrolls of identify
 f - 3 scrolls of immolation
 u - a scroll of noise
Potions
 h - a potion of haste
 k - 2 potions of flight
Comestibles
 c - 7 rations


   Skills:
 + Level 4.4 Fighting
 * Level 4.3 Axes
 + Level 2.5 Armour
 - Level 2.4 Dodging
 - Level 2.1 Stealth
 + Level 2.3 Shields


You had 5 spell levels left.
You didn't know any spells.
Your spell library was empty.

Dungeon Overview and Level Annotations

Branches:
Dungeon (4/15)
 Temple: D:4-7

Altars:
Sif Muna

Shops:
D:4 (

Annotations:
D:3 2 runed translucent doors, Steamvoker's ghost, amateur MfGl


Innate Abilities, Weirdness & Mutations

You are resistant to torment.
Your stone body is resilient. (AC +4)
You are immune to poison.
You resist negative energy. (rN+)
You are resistant to electric shocks. (rElec)
You can survive without breathing.
You are immune to petrification.
You are immune to rotting.
You have large cloven feet.
Your magical capacity is low. (-10% MP)
You are covered in fur. (AC +1)
You evolve.


Message History

* * * LOW HITPOINT WARNING * * *
The hippogriff claws you but does no damage.
It was a potion of degeneration.
There was something very wrong with that liquid.
You feel weakened.
You feel dopey.
You feel clumsy.
The hippogriff bites you but does no damage.
The hippogriff pecks you but does no damage.
The hippogriff claws you but does no damage.
It was a potion of berserk rage.
A red film seems to cover your vision as you go berserk!
You feel yourself moving faster!
You feel mighty! The hippogriff completely misses you.
You block the hippogriff's attack. The hippogriff claws you.
* * * LOW HITPOINT WARNING * * *
You closely miss the hippogriff. You kick the hippogriff.
The hippogriff is heavily wounded.
You slash the hippogriff! You kick the hippogriff!
The hippogriff is almost dead.
The hippogriff bites you.
You die...

#........#
###.###..#
# ##.#
#.## #∩.#
#..##
#...#
#.#.##
...#@)#
######H#


gg# gg.% ....# ..(.# ....# ##..# You could see a hippogriff and 4 gnolls.

Vanquished Creatures
  A gnoll shaman (D:4)
  Terence (D:2)
  4 adders
  4 gnolls (D:3)
  An ooze (D:2)
  4 worms (D:2)
  3 dart slugs
  3 leopard geckos
  5 orcs
  A ball python (D:2)
  3 giant cockroaches
  10 goblins
  9 hobgoblins
  2 jackals (D:2)
  7 kobolds
  A quokka (D:4)
  9 bats
  10 frilled lizards
  6 rats
84 creatures vanquished.

Notes
Turn   | Place    | Note
-------+----------+-------------------------------------------
     0 | D:1      | Laan the Gargoyle Monk began the quest for the Orb.
     0 | D:1      | Reached XP level 1. HP: 14/14 MP: 1/1
   138 | D:1      | Reached XP level 2. HP: 9/19 MP: 2/2
   517 | D:1      | Reached skill level 1 in Armour
   728 | D:2      | Reached XP level 3. HP: 19/23 MP: 3/3
   926 | D:2      | Noticed Terence
   960 | D:2      | Killed Terence
   960 | D:2      | Reached skill level 1 in Shields
   960 | D:2      | Reached XP level 4. HP: 22/29 MP: 4/4
  1599 | D:2      | Reached XP level 5. HP: 32/33 MP: 5/5
  2072 | D:3      | Found a deep blue altar of Sif Muna.
  2243 | D:3      | Found a large runed translucent door.
  2244 | D:3      | Found a large runed translucent door.
  2247 | D:3      | Noticed Steamvoker's ghost (amateur MfGl)
  2417 | D:4      | Found Dar Petisoy's Antique Weapon Shop.
  2438 | D:4      | Noticed a hippogriff
  2459 | D:4      | Reached XP level 6. HP: 28/39 MP: 6/6
  2470 | D:4      | Gained mutation: You have large cloven feet. [potion of
                  | mutation]
  2470 | D:4      | Gained mutation: You are covered in fur. (AC +1) [potion of
                  | mutation]
  2470 | D:4      | Gained mutation: Your magical capacity is low. (-10% MP)
                  | [potion of mutation]
  2470 | D:4      | Gained mutation: You evolve. [potion of mutation]
  2474 | D:4      | Slain by a hippogriff

Skill      XL: |  1  2  3  4  5 |
---------------+----------------+-----
Axes           | 3 4 |  4.3
Armour         | 1 2 |  2.5
Shields        | 1 2 |  2.3
Fighting       | 4 |  4.4
Dodging        | |  2.4
Stealth        | |  2.1

Action                   |  1- 3 |  4- 6 || total
-------------------------+-------+-------++-------
Melee: Hand axe          |   136 |   236 ||   372
       Kick              |       |     2 ||     2
  Use: Scroll            |     2 |     6 ||     8
       Potion            |       |     4 ||     4
  Eat: Chunk             |       |     5 ||     5
Armor: Robe              |    10 |       ||    10
       Chain mail        |    76 |   197 ||   273
Dodge: Dodged            |    52 |   114 ||   166
Block: Buckler           |    13 |    46 ||    59
